 Dungeon Crawl Stone Soup version 0.30-b1-2-g02819fbbbe (webtiles) character file.

Game seed: 15182363975749304897

2179 raph the Summoner (level 9, -22/40 HPs)
             Began as a Felid Summoner on Oct 16, 2023.
             Was a Priest of Sif Muna.
             Engulfed by their own flame (24 damage)
             ... on level 9 of the Dungeon.
             The game lasted 00:28:10 (18167 turns).

raph the Summoner (Felid Summoner)                 Turns: 18167, Time: 00:28:11

Health: -22/40     AC:  2    Str: 10    XL:     9   Next: 11%
Magic:  8/19       EV: 22    Int: 21    God:    Sif Muna [***...]
Gold:   171        SH:  0    Dex: 19    Spells: 2/20 levels left
                                        Lives:  0   Deaths: 2

rFire   . .          .
                       - Unarmed
rCold   . . .        (shield unavailable)
rNeg    . . .        (body armour unavailable)
rPois   +            (helmet unavailable)
rElec   .            (cloak unavailable)
rCorr   .            (gloves unavailable)
SInv    +            (boots unavailable)
Will    +....        (no amulet)
Stlth   ++           t - ring of wizardry
HPRegen 0.26/turn    r - ring of Uwegh {rPois Str+6 Dex+3}
MPRegen 0.16/turn

%: wizardry (x1)
@: quick
A: very small, claws 1, fangs 3, see invisible, speed 1, shaggy fur 2, stealthy
paws, no weapons or thrown items, no armour, multi-lived
a: Renounce Religion, Channel Magic, Forget Spell


You were on level 9 of the Dungeon.
You worshipped Sif Muna.
Sif Muna was most pleased with you.
You visited 1 branch of the dungeon, and saw 9 of its levels.
You also visited: Bailey.

You collected 609 gold pieces.
You spent 438 gold pieces at shops.

Inventory:

Jewellery
 f - a +6 ring of strength
 q - a +6 ring of strength
 r - the ring of Uwegh (right paw) {rPois Str+6 Dex+3}
   (You found it in a bailey)

   [ring of strength]

   Str:       It affects your strength (+6).
   Dex:       It affects your dexterity (+3).
   rPois:     It protects you from poison.
 t - a ring of wizardry (left paw)
Wands
 c - a wand of mindburst (14)
 i - a wand of iceblast (5)
 A - a wand of flame (6)
Scrolls
 l - a scroll of amnesia
 o - 2 scrolls of poison
 p - 3 scrolls of teleportation
 v - a scroll of magic mapping
 w - 2 scrolls of immolation
 x - 2 scrolls of identify
 y - a scroll of blinking {unknown}
Potions
 a - 3 potions of magic
 b - 2 potions of ambrosia
 d - a potion of brilliance
 e - 7 potions of attraction
 g - a potion of mutation
 h - a potion of berserk rage
 j - 4 potions of haste
 k - 2 potions of curing
 m - a potion of flight
 n - a potion of invisibility {unknown}
 s - a potion of might {unknown}
 u - a potion of resistance {unknown}
 z - a potion of lignification {unknown}


   Skills:
 + Level 5.0 Fighting
 + Level 7.5 Dodging
 - Level 2.6 Stealth
 + Level 5.1 Unarmed Combat
 + Level 6.0 Spellcasting
 * Level 9.7 Summonings
 * Level 3.5 Translocations
 + Level 3.8 Air Magic
 * Level 4.6 Invocations


You had 2 spell levels left.
You knew the following spells:

 Your Spells              Type           Power      Damage    Failure   Level
a - Summon Small Mammal   Summ           100%       N/A       1%          1
b - Call Imp              Summ           94%        N/A       1%          2
c - Call Canine Familiar  Summ           47%        N/A       1%          3
d - Summon Guardian Gole  Hex/Summ       26%        N/A       1%          3
e - Summon Lightning Spi  Summ/Air       34%        N/A       2%          4
f - Summon Forest         Summ/Tloc      17%        N/A       8%          5

Your spell library contained the following spells:

 Spells                   Type           Power      Damage    Failure   Level
 Necrotise                Necr           24%        1d5       4%          1
 Inner Flame              Hex/Fire       6%         N/A       12%         3
 Vampiric Draining        Necr           6%         2d6       12%         3
 Cause Fear               Hex            3%         N/A       34%         4
 Agony                    Necr           6%         N/A       69%         5
 Summon Horrible Things   Summ           23%        N/A       98%         8
 Dragon Form              Tmut           3%         N/A       100%        7
 Dragon's Call            Summ           23%        N/A       100%        9


Dungeon Overview and Level Annotations

Branches:
Dungeon (9/15)             Temple (0/1) D:4          Bailey (visited)
   Lair: D:8-11         Orc: D:9-12

Altars:
Cheibriados
Hepliaklqana
Kikubaaqudgha
Makhleb
Qazlal
Ru
Sif Muna
Uskayaw

Shops:
D:1 =   D:2 [   D:4 *   D:8 !

Annotations:
D:5 1 runed translucent door, Termiter's ghost, novice DsNe


Innate Abilities, Weirdness & Mutations

You have sharp claws.
You have razor-sharp teeth.
You have supernaturally acute eyesight. (SInv)
You cover ground quickly. (Speed+)
You are covered in thick fur. (AC +2)
Your paws help you pounce on unaware monsters.
You are incapable of wielding weapons or throwing items.
You cannot wear armour.
You gain extra lives every three experience levels.


Message History

Your wolf bites the yak!
The yak gores your wolf!
Your cerulean imp hits the yak but does no damage.
Your wolf bites the yak!
The yak misses your wolf.
The yak barely misses your lightning spire.
Your wolf bites the yak.
Your wolf barely misses the yak.
The yak gores your cerulean imp! The yak misses your wolf.
The yak gores your wolf!
Your wolf completely misses the yak.
Your lightning spire shoots out a bolt of lightning at the yak!
The bolt of electricity hits the yak!
The yak dies!
Sif Muna accepts your kill.
Your wolf bites the yak.
Your Fighting skill increases to level 5!
Welcome back to level 9!
Your wolf bites the yak.
Your wolf barely misses the yak.
The yak gores your guardian golem but does no damage.
The yak closely misses your wolf.
Your wolf bites the yak.
The yak gores your guardian golem.
Your wolf bites the yak.
The yak gores your wolf!
Your wolf bites the yak!
The yak gores your guardian golem!
Your guardian golem overheats!
The yak gores your wolf.
Your wolf dies!
Your wolf's corpse disappears in a puff of smoke!
Your guardian golem disappears in a puff of smoke!
Your guardian golem explodes!
The fiery explosion engulfs your cerulean imp!!
Your cerulean imp dies!
Your cerulean imp disappears in a puff of smoke!
The fiery explosion engulfs the yak!!!
The yak dies!
Sif Muna accepts your kill. The fiery explosion engulfs you!!!
Ouch! That really hurt!
* * * LOW HITPOINT WARNING * * *
You are engulfed in blazing flames.
Ouch! That really hurt!
You die...

##.#.####.#...
#........./.. #..#.#
#....# . #..#.# #....#
..# #..#.# #8...##....
###..#.# ##§Y.......
#....#.####§#.##...#
+...<'.....§§.......
#....#....§@§.......
#.#....#.####.........
#.#....#.# #..#.....#
#.#....#.# #..#.#...#
#.###'##.####..#.#...#
#.# #.##... .... ..
#.# #.##.####....
###.###............
#................#


You could see a yak.

Vanquished Creatures
  A scorpion (D:5)
  2 orc priests
  A hound (D:4)
  3 adders
  A shadow imp (D:7)
  A white imp (D:7)
  A worm (D:5)
  A dart slug (D:1)
  4 orcs
  2 ball pythons
  3 endoplasms (D:1)
  3 goblins
  4 hobgoblins
  3 jackals
  A quokka (D:4)
  3 bats
  A frilled lizard (D:1)
  4 kobolds
  3 rats
42 creatures vanquished.

Vanquished Creatures (collateral kills)
  A wyvern (D:8)
  2 yaks
  A steam dragon (D:8)
  Edmund (D:5)
  An ice beast (D:5)
  9 orc warriors
  A nameless horror (Bailey)
  A sky beast (D:8)
  An ogre (D:6)
  12 centaurs
  A kobold brigand (D:7)
  A bullfrog (D:7)
  2 scorpions
  2 killer bees (D:3)
  A howler monkey (D:8)
  A jelly (D:7)
  A gnoll bouda (D:8)
  4 orc priests
  2 hounds (D:6)
  A sleepcap (D:8)
  Jessica (D:3)
  An iguana (D:5)
  3 orc wizards
  Robin (D:3)
  12 gnolls
  3 adders
  2 white imps
  An ufetubus (D:3)
  2 worms (D:2)
  2 dart slugs
  45 orcs
  4 bats
  6 endoplasms
  2 giant cockroaches
  7 hobgoblins
  4 jackals
  2 quokkas (D:5)
  5 ball pythons
  4 frilled lizards
  11 goblins
  10 kobolds
  7 rats
181 creatures vanquished.

Vanquished Creatures (others)
  Sigmund (D:2)
  A wyvern (D:8)
  3 yaks
  4 orc warriors (Bailey)
  An ice beast (D:6)
  A black bear (D:8)
  A centaur (Bailey)
  A bullfrog (D:6)
  A scorpion (D:6)
  4 killer bees
  A gnoll bouda (D:3)
  A sleepcap (D:8)
20 creatures vanquished.

Grand Total: 243 creatures vanquished

Notes
Turn   | Place    | Note
-------+----------+-------------------------------------------
     0 | D:1      | raph the Felid Summoner began the quest for the Orb.
     0 | D:1      | Reached XP level 1. HP: 7/7 MP: 4/4
    26 | D:1      | Found Guqus's Jewellery Emporium.
   313 | D:1      | Reached XP level 2. HP: 11/11 MP: 4/6
   316 | D:1      | Learned a level 2 spell: Call Imp
   858 | D:1      | Reached XP level 3. HP: 14/14 MP: 7/7
   862 | D:1      | Learned a level 3 spell: Call Canine Familiar
  1434 | D:2      | Reached skill level 5 in Summonings
  1536 | D:2      | Reached XP level 4. HP: 18/18 MP: 5/9
  1872 | D:2      | Found Rywehel's Armour Boutique.
  2465 | D:2      | Noticed Sigmund
  2617 | D:3      | Noticed Jessica
  3165 | D:3      | Learned a level 3 spell: Summon Guardian Golem
  3218 | D:3      | Killed Jessica
  3219 | D:3      | Reached XP level 5. HP: 10/21 MP: 2/10
  3295 | D:3      | Found a faded altar of an unknown god.
  3605 | D:3      | Noticed Robin
  3617 | D:3      | Killed Robin
  3623 | D:3      | HP: 1/21 [hobgoblin[Robin] (7)]
  3852 | D:3      | Reached skill level 6 in Summonings
  4018 | D:3      | Found a snail-covered altar of Cheibriados.
  4018 | D:3      | Found a hazy altar of Hepliaklqana.
  4018 | D:3      | Found a hide-covered altar of Uskayaw.
  4018 | D:3      | Found a stormy altar of Qazlal.
  4026 | D:3      | Found a shimmering blue altar of Sif Muna.
  4026 | D:3      | Found a burning altar of Makhleb.
  4045 | D:3      | Became a worshipper of Sif Muna the Loreminder
  4380 | D:4      | Reached skill level 1 in Fighting
  4380 | D:4      | Gained mutation: You are covered in thick fur. (AC +2)
                  | [Felid growth]
  4380 | D:4      | Reached XP level 6. HP: 9/25 MP: 3/12
  4620 | D:3      | HP: 1/25 [killer bee (9)]
  4625 | D:3      | Reached skill level 1 in Unarmed Combat
  6345 | D:3      | Reached XP level 7. HP: 29/29 MP: 10/13
  6492 | D:4      | Learned a level 4 spell: Summon Lightning Spire
  6535 | D:4      | Found a staircase to the Ecumenical Temple.
  6695 | D:4      | Identified a scroll of acquirement
  6695 | D:4      | Acquired Dieguw Noapn's Folio of the Destined Flock
  6752 | D:4      | Found Kivoaquy's Assorted Antiques.
  6764 | D:4      | Bought a golden ring for 115 gold pieces
  6764 | D:4      | Bought a scroll labelled WACAUW LELYN for 23 gold pieces
  7097 | D:4      | Reached skill level 7 in Summonings
  7836 | D:2      | Killed Sigmund
  7980 | D:2      | Found Rywehel's Armour Boutique.
  8808 | D:5      | Entered Level 5 of the Dungeon
  8887 | D:5      | Found a runed translucent door.
  8887 | D:5      | Noticed Termiter's ghost (novice DsNe)
  8923 | D:5      | Noticed Edmund
  8957 | D:5      | Killed Edmund
  9213 | D:5      | Reached XP level 8. HP: 34/34 MP: 6/15
  9605 | D:5      | Reached skill level 5 in Dodging
 10815 | D:5      | Reached skill level 1 in Air Magic
 11064 | D:6      | Reached * piety under Sif Muna
 11207 | D:6      | Reached skill level 8 in Summonings
 11809 | D:7      | Reached skill level 5 in Spellcasting
 11992 | D:7      | Found a flagged portal.
 11996 | D:7      | Reached XP level 9. HP: 25/39 MP: 11/17
 12039 | Bailey   | Entered a bailey
 12070 | Bailey   | Reached ** piety under Sif Muna
 12660 | Bailey   | Reached skill level 1 in Invocations
 14208 | Bailey   | Reached skill level 9 in Summonings
 15190 | Bailey   | Killed by an exploding themself... ignited by their inner
                  | flame
 15191 | Bailey   | Reached XP level 8. HP: -5/36 MP: 9/17
 15353 | Bailey   | Reached XP level 9. HP: 39/39 MP: 9/18
 15648 | Bailey   | Identified the ring of Uwegh {rPois Str+6 Dex+3}
 15794 | D:7      | Learned a level 5 spell: Summon Forest
 15819 | D:7      | Found an ancient bone altar of Kikubaaqudgha.
 15819 | D:7      | Found a sacrificial altar of Ru.
 16377 | D:1      | Bought a ring of wizardry for 300 gold pieces
 16619 | D:7      | Identified the +3 ring mail of the Armadillo {rF+ rC-
                  | Dex+2}
 16851 | D:8      | Found Efihat's Distillery.
 16999 | D:8      | Reached skill level 1 in Translocations
 17299 | D:8      | Reached skill level 5 in Unarmed Combat
 17532 | D:8      | Reached *** piety under Sif Muna
 17989 | D:9      | Slain by a wyvern
 17990 | D:9      | Reached XP level 8. HP: 0/36 MP: 11/18
 18163 | D:9      | Reached skill level 5 in Fighting
 18163 | D:9      | Reached XP level 9. HP: 40/40 MP: 8/19
 18166 | D:9      | HP: 2/40 [themself (38)]
 18167 | D:9      | Engulfed by their own flame

Illustrated notes

Levels and vault maps discovered:
D:1:      dpeg_arrival_court, layout_basic, serial_shops,
          nicolae_shop_advertising_works [nicolae_subvault_shop_adworks]
D:2:      cheibrodos_pilgrimage, layout_loops_corners, serial_shops, shop,
          grunt_decor_fettered, uniq_sigmund
D:3:      layout_loops_ring, minmay_overflow_temple_hex,
          shapermc_ecumenical_altar_totnotflames, minmay_surrounded,
          uniq_jessica, uniq_robin
D:4:      layout_cave_pools, minmay_temple_entry_purple_smoke, serial_shops,
          shop
D:5:      layout_layer_cave, serial_rivers, chequers_serial_rivers_micro_e,
          chequers_serial_rivers_micro_b, chequers_serial_rivers_micro_e,
          chequers_serial_rivers_micro_a, chequers_serial_rivers_small_3,
          chequers_serial_rivers_room_b, gammafunk_ghost_grave,
          hangedman_minor_gate_pass, uniq_edmund
D:6:      layout_rooms
D:7:      layout_cave_pools, nicolae_overflow_two_pavilions, enter_bailey_3
D:8:      layout_loops_ring, serial_shops, shop, hangedman_decor_growths,
          grunt_ministairs_3
D:9:      layout_basic, good_gods_temple_1, lair_entry_dummy,
          nicolae_shop_gadgets

Skill      XL: |  1  2  3  4  5  6  7  8  9 |
---------------+----------------------------+-----
Summonings     | 5 6 7 8 9 |  9.7
Spellcasting   | 3 4 5 6 |  6.0
Dodging        | 3 4 6 7 |  7.5
Fighting       | 1 2 5 4 |  5.0
Unarmed Combat | 1 2 3 5 |  5.1
Air Magic      | 2 3 |  3.8
Invocations    | 4 |  4.6
Translocations | 3 |  3.5
Stealth        | |  2.6

Action                     |  1- 3 |  4- 6 |  7- 9 || total
---------------------------+-------+-------+-------++-------
  Melee: Unarmed           |    41 |   143 |    89 ||   273
         Bite              |     5 |    12 |    12 ||    29
         Punch             |       |     2 |     1 ||     3
   Cast: Summon Small Mamm |    31 |    26 |    47 ||   104
         Call Imp          |    12 |    30 |    45 ||    87
         Call Canine Famil |     5 |    26 |    41 ||    72
         Summon Guardian G |       |    13 |    60 ||    73
         Summon Lightning  |       |       |    34 ||    34
         Summon Forest     |       |       |     2 ||     2
  Evoke: Wand              |       |       |     1 ||     1
    Use: Scroll            |     5 |     7 |    10 ||    22
         Potion            |       |     3 |       ||     3
   Stab: Sleeping          |     3 |     1 |     1 ||     5
         Distracted        |     1 |       |     4 ||     5
 Armour: Skin              |     2 |    13 |     6 ||    21
  Dodge: Dodged            |    33 |   216 |   144 ||   393
